 Dungeon Crawl Stone Soup version 0.31-a0-182-gc5ef74bbde (webtiles) character file.

Game seed: 14754350924167460086

1617718 Midn8 the Grand Scion (level 26, 191/191 HPs)
             Began as a Gnoll Ice Elementalist on June 19, 2023.
             Was a High Priest of Hepliaklqana.
             Escaped with the Orb
             ... and 3 runes on June 20, 2023!
             The game lasted 06:11:30 (70644 turns).

Midn8 the Grand Scion (Gnoll Ice Elementalist)     Turns: 70644, Time: 06:11:31

Health: 191/191    AC: 21    Str: 12    XL:     26   Next: 65%
Magic:  42/45      EV: 24    Int: 30    God:    Hepliaklqana [*****.]
Gold:   4524       SH:  0    Dex: 17    Spells: 4/62 levels left

rFire   + + .        a - staff of cold
rCold   + + +        x - orb {*channel}
rNeg    . . .        G - +4 skin of Zhor {*Englaciate rC+++ SInv}
rPois   +            E - +2 helmet
rElec   .            C - +2 cloak
rCorr   .            D - +2 pair of gloves {Str+3}
SInv    +            B - +2 pair of boots
Will    ++...        Q - amulet of Xotid {rPois Regen+ Stlth+}
Stlth   +++          N - ring "Gowutsag" {+Blink rC+ Int+6}
HPRegen 1.31/turn    Y - ring of Regawn {rF++ rC- Will+ Dex+5}
MPRegen 0.29/turn

%: channel magic (20%)
@: studying 3 skills
A: reduced essence, fangs 1, strong nose, distributed training, clumsy 1,
deformed body, deterioration 1
0: Orb of Zot
}: 3/15 runes: barnacled, silver, gossamer
a: Renounce Religion, Evoke Blink, Recall Ancestor, Ancestor Identity,
Transference, Idealise


You escaped.
You worshipped Hepliaklqana.
Hepliaklqana was extremely pleased with you.
You visited 10 branches of the dungeon, and saw 48 of its levels.
You also visited: Ossuary, Gauntlet and Ice Cave.

You collected 6674 gold pieces.
You spent 2150 gold pieces at shops.

Inventory:

Hand Weapons
 b - a +6 demon trident of flaming
Missiles
 k - 34 boomerangs (quivered)
 l - 9 silver javelins
 m - 12 curare-tipped darts
 n - 11 throwing nets
Armour
 e - a +1 buckler of poison resistance
 x - an orb of energy (worn)
 B - a +2 pair of boots (worn)
 C - a +2 cloak (worn)
 D - a +2 pair of gloves of strength (worn)
 E - a +2 helmet (worn)
 G - the +4 skin of Zhor (worn) {*Englaciate rC+++ SInv}
   (You found it on level 9 of the Dungeon)

   *Englaciate: It radiates cold, occasionally slowing all nearby creatures who
   are not resistant to cold.
   rC:        It renders you almost immune to cold.
   SInv:      It lets you see invisible.
Magical Staves
 a - a staff of cold (weapon)
 Z - the staff of the Sheltering Blowfly {rPois Int+5 Stlth+ Poison}
   (You found it on level 3 of the Elven Halls)

   [staff of poison]

   Base accuracy: +5 Base damage: 5 Base attack delay: 1.2 This weapon's minimum
   attack delay (0.6) is reached at skill level 12.
   Int:       It affects your intelligence (+5).
   rPois:     It protects you from poison.
   Poison:    It increases the power of your Poison spells.
   Stlth:     It makes you more stealthy.
   It falls into the 'Staves' category.
   It is a one-handed weapon.
Jewellery
 d - the ring of Amelioration {rC+ Will+ EV+5 Dex+3 Stlth-}
   (You found it in a Gauntlet)

   [ring of evasion]

   EV:        It affects your evasion (+5).
   Dex:       It affects your dexterity (+3).
   rC:        It protects you from cold.
   Will:      It increases your willpower.
   Stlth:     It makes you less stealthy.
 u - a ring of willpower
 J - the ring of Uxtukhlo {rN+ Str+7 Int-2 Slay+4 Stlth+}
   (You took it off a deep elf demonologist on level 3 of the Elven Halls)

   [ring of slaying]

   Str:       It affects your strength (+7).
   Int:       It affects your intelligence (-2).
   Slay:      It affects your accuracy & damage with ranged weapons and melee
   (+4).
   rN:        It protects you from negative energy.
   Stlth:     It makes you more stealthy.
 N - the ring "Gowutsag" (left hand) {+Blink rC+ Int+6}
   (You found it on level 4 of the Shoals)

   [ring of intelligence]

   Int:       It affects your intelligence (+6).
   rC:        It protects you from cold.
   +Blink:    It lets you blink.
 O - a ring of wizardry
 Q - the amulet of Xotid (around neck) {rPois Regen+ Stlth+}
   (You found it in an ice cave)

   [amulet of regeneration]

   rPois:     It protects you from poison.
   Regen:     It increases your rate of health regeneration.
   Stlth:     It makes you more stealthy.
 Y - the ring of Regawn (right hand) {rF++ rC- Will+ Dex+5}
   (You found it in a Gauntlet)

   [ring of willpower]

   Dex:       It affects your dexterity (+5).
   rF:        It greatly protects you from fire.
   rC:        It makes you vulnerable to cold.
   Will:      It increases your willpower.
Wands
 p - a wand of mindburst (45)
 s - a wand of paralysis (43)
 w - a wand of digging (19)
 H - a wand of iceblast (26)
 U - a wand of light (10)
 W - a wand of flame (75)
 X - a wand of polymorph (28)
Scrolls
 f - 21 scrolls of identify
 i - 15 scrolls of teleportation
 o - 10 scrolls of fear
 t - 10 scrolls of blinking
 y - a scroll of revelation
 F - 3 scrolls of amnesia
 M - 2 scrolls of fog
 V - 4 scrolls of enchant armour
Potions
 c - 29 potions of curing
 g - 8 potions of heal wounds
 h - 5 potions of resistance
 j - 4 potions of haste
 q - 8 potions of enlightenment
 r - 5 potions of magic
 v - 3 potions of berserk rage
 z - a potion of invisibility
 A - 4 potions of might
 I - 7 potions of mutation
 L - a potion of cancellation
 R - 5 potions of ambrosia
 S - 4 potions of brilliance
Miscellaneous
 K - a sack of spiders
 P - a lightning rod (4/4)
 T - a phial of floods


   Skills:
 + Level 18.4 Fighting
 + Level 18.4 Short Blades
 + Level 18.4 Long Blades
 + Level 18.4 Axes
 + Level 18.4 Maces & Flails
 + Level 18.4 Polearms
 + Level 18.4 Staves
 + Level 20.8 Ranged Weapons
 + Level 18.4 Throwing
 + Level 18.4 Armour
 + Level 18.8 Dodging
 + Level 18.8 Stealth
 + Level 18.4 Shields
 + Level 18.4 Unarmed Combat
 + Level 18.9 Spellcasting
 + Level 15.6 Conjurations
 + Level 15.6 Hexes
 + Level 15.6 Summonings
 + Level 15.6 Necromancy
 + Level 15.6 Translocations
 + Level 15.6 Transmutations
 + Level 15.6 Fire Magic
 + Level 17.0 Ice Magic
 + Level 15.6 Air Magic
 + Level 15.6 Earth Magic
 + Level 17.8 Poison Magic
 + Level 22.5 Invocations
 + Level 18.4 Evocations


You had 4 spell levels left.
You knew the following spells:

 Your Spells              Type           Power      Damage    Failure   Level
a - Maxwell's Capacitive  Air            44%        ∞         32%         8
b - Spellforged Servitor  Conj/Summ      44%        N/A       8%          7
d - Dragon Form           Tmut           44%        N/A       8%          7
e - Summon Mana Viper     Hex/Summ       89%        N/A       1%          5
f - Freezing Cloud        Conj/Ice/Air   56%        6-21      1%          5
g - Ozocubu's Refrigerat  Ice            57%        4d20      5%          7
p - Apportation           Tloc           100%       N/A       1%          1
r - Leda's Unmaking       Conj/Erth      44%        9d8       3%          6
s - Simulacrum            Ice/Necr       56%        N/A       2%          6
v - Vampiric Draining     Necr           89%        2d12      1%          3
z - Ozocubu's Armour      Ice            100%       N/A       1%          3

Your spell library contained the following spells:

 Spells                   Type           Power      Damage    Failure   Level
 Foxfire                  Conj/Fire      100%       2x1d9     1%          1
 Freeze                   Ice            100%       1d10      1%          1
 Kiss of Death            Conj/Necr      100%       2d13      1%          1
 Magic Dart               Conj           100%       1d8       1%          1
 Sandblast                Erth           100%       2d20      1%          1
 Shock                    Conj/Air       100%       1d9       1%          1
 Slow                     Hex            100%       N/A       1%          1
 Summon Small Mammal      Summ           100%       N/A       1%          1
 Call Imp                 Summ           100%       N/A       1%          2
 Cigotuvi's Dreadful Rot  Necr/Pois/Air  100%       N/A       1%          2
 Momentum Strike          Conj/Tloc      100%       3d10      1%          2
 Passwall                 Tmut/Erth      74%        N/A       1%          2
 Scorch                   Fire           100%       2d9       1%          2
 Searing Ray              Conj           100%       2d8       1%          2
 Call Canine Familiar     Summ           89%        N/A       1%          3
 Confusing Touch          Hex            89%        N/A       1%          3
 Dazzling Flash           Conj/Hex       100%       N/A       1%          3
 Frozen Ramparts          Ice            100%       1d16      1%          3
 Ignite Poison            Fire/Tmut/Pois 91%        N/A       1%          3
 Inner Flame              Hex/Fire       89%        N/A       1%          3
 Mephitic Cloud           Conj/Pois/Air  91%        N/A       1%          3
 Portal Projectile        Hex/Tloc       100%       N/A       1%          3
 Stone Arrow              Conj/Erth      100%       3d13      1%          3
 Summon Guardian Golem    Hex/Summ       89%        N/A       1%          3
 Tukima's Dance           Hex            89%        N/A       1%          3
 Vhi's Electric Charge    Tloc/Air       100%       N/A       1%          3
 Animate Armour           Summ/Erth      100%       N/A       1%          4
 Cause Fear               Hex            44%        N/A       1%          4
 Dispel Undead            Necr           89%        3d28      1%          4
 Flame Wave               Conj/Fire      89%        2d19      1%          4
 Fulminant Prism          Conj/Hex       44%        3d19      1%          4
 Iskenderun's Mystic Bla  Conj/Tloc      89%        2d17      1%          4
 Leda's Liquefaction      Hex/Erth       44%        N/A       1%          4
 Manifold Assault         Tloc           89%        N/A       1%          4
 Petrify                  Tmut/Erth      89%        N/A       1%          4
 Summon Ice Beast         Ice/Summ       100%       N/A       1%          4
 Summon Lightning Spire   Summ/Air       89%        N/A       1%          4
 Agony                    Necr           89%        N/A       1%          5
 Alistair's Intoxication  Tmut/Pois      61%        N/A       1%          5
 Arcjolt                  Conj/Air       44%        1d54      1%          5
 Blade Hands              Tmut           44%        N/A       1%          5
 Borgnjor's Vile Clutch   Necr/Erth      44%        N/A       1%          5
 Fireball                 Conj/Fire      44%        3d18      1%          5
 Lee's Rapid Deconstruct  Erth           44%        3d21*     1%          5
 Metabolic Englaciation   Hex/Ice        56%        N/A       1%          5
 Silence                  Hex/Air        44%        N/A       1%          5
 Summon Forest            Summ/Tloc      44%        N/A       1%          5
 Yara's Violent Unravell  Hex/Tmut       44%        3d17      1%          5
 Eringya's Noxious Bog    Tmut/Pois      46%        N/A       2%          6
 Dispersal                Tloc           44%        N/A       3%          6
 Plasma Beam              Fire/Air       44%        2x1d58    3%          6
 Starburst                Conj/Fire      44%        6d12      3%          6
 Statue Form              Tmut/Erth      59%        N/A       3%          6
 Summon Cactus Giant      Summ           44%        N/A       3%          6
 Enfeeble                 Hex            44%        N/A       8%          7
 Summon Hydra             Summ           44%        N/A       8%          7
 Disjunction              Tloc           44%        N/A       32%         8
 Lehudib's Crystal Spear  Conj/Erth      44%        10d11     32%         8
 Summon Horrible Things   Summ           44%        N/A       32%         8
 Polar Vortex             Ice            57%        N/A       91%         9
 Chain Lightning          Conj/Air       44%        3d59      98%         9
 Dragon's Call            Summ           44%        N/A       98%         9
 Fire Storm               Conj/Fire      44%        8d11      98%         9


Dungeon Overview and Level Annotations

Branches:
Dungeon (15/15)            Temple (1/1) D:4            Lair (5/5) D:9
 Shoals (4/4) Lair:2       Spider (4/4) Lair:2        Slime (0/5) Lair:5
    Orc (2/2) D:9             Elf (3/3) Orc:2        Vaults (5/5) D:14
  Crypt (0/3) Vaults:3     Depths (4/4) D:15            Zot (5/5) Depths:4
Ossuary (visited)           IceCv (visited)         Gauntlet (visited)

Altars:
Ashenzari
Cheibriados
Dithmenos
Elyvilon
Fedhas
Gozag
Hepliaklqana
Kikubaaqudgha
Makhleb
Nemelex Xobeh
Okawaru
Qazlal
Ru
Sif Muna
Trog
Uskayaw
Vehumet
Wu Jian
Xom
Yredelemnul
Zin
The Shining One
Jiyva

Shops:
Orc:2 *!=[   Elf:3 *   Shoals:1 :   Vaults:4 !   Zot:1 *   Depths:1 (
Depths:4 =:=

Portals:
Hell: Depths:1 Depths:2 Depths:3 Depths:4
Abyss: Depths:3
Pandemonium: Orc:2 Depths:1 Depths:2 Depths:3
Ziggurat: Depths:3

Annotations:
Shoals:1 2 transporters, Lance11888's ghost, adept HuHW
Elf:2 3 runed translucent doors
Depths:1 2 transporters


Innate Abilities, Weirdness & Mutations

Your life essence is reduced to manifest your ancestor. (-10% HP)
You have very sharp teeth.
Your uncanny sense of smell can sniff out nearby items.
Your experience applies equally to all skills.
You are clumsy. (Dex -2)
Armour fits poorly on your strangely shaped body.
Your body sometimes deteriorates upon taking damage.


Message History

Casting: Dragon Form (dangerous; 8% risk of failure)
Confirm with . or Enter, or press ? or * to list all spells.
Aiming: Leda's Unmaking (mildly dangerous; 3% risk of failure)
Press: ? - help, Shift-Dir - straight line, f - demonic crawler
Aim: a demonic crawler (89% to hit)
The entropic shot hits the demonic crawler!!
The demonic crawler is severely wounded.
Your Mom gestures wildly while chanting.
Your Mom seems to speed up.
Casting: Leda's Unmaking (mildly dangerous; 3% risk of failure)
Confirm with . or Enter, or press ? or * to list all spells.
Aiming: Leda's Unmaking (mildly dangerous; 3% risk of failure)
Press: ? - help, Shift-Dir - straight line, f/p - demonic crawler
Aim: a demonic crawler (severely wounded, ally target, 89% to hit)
The entropic shot hits the demonic crawler!!!
The demonic crawler dissolves into mud!
You kill the demonic crawler!
Unknown command.
(D) Dungeon (T) Temple (L) Lair (A) Shoals (N) Spider Nest (M) Slime Pits (O) Orcish Mines (E) Elven Halls (V) Vaults (C) Crypt (U) Depths (H) Hell (Z) Zot
Where to? (Enter - D:1 @ (x,y), ? - help)
There is some mud, summoned here.
There is some mud, summoned here.
There is some mud, summoned here.
You see here a +0 scythe.
A great orb of eyes comes into view.
Your Mom hits the great orb of eyes with a +0 broad axe of speed.
Your Mom hits the great orb of eyes with a +0 broad axe of speed!
Your Mom hits the great orb of eyes with a +0 broad axe of speed!
The great orb of eyes bites Your Mom but does no damage.
Your Mom completely misses the great orb of eyes.
Your Mom hits the great orb of eyes with a +0 broad axe of speed!!
You see here a +0 club.
There is a stone staircase leading up here.
You climb upwards.
There is a stone staircase leading down here.
There is a staircase leading out of the dungeon here.
You have escaped!

..............###.....# #...#
........†..##..#..###.# #...#
...#>.####.###...####.#####...###
#.##..###...###.## #...#.........
#.##............# #.............
#.##.####...##### #...#..)......
#)#...# ###.# #.............
......# #################...##.
.....######.....@.....######..##.
.#####..........R..........#####.
##............#...#............##
...)..#...#...#...#...#...#......
......#...#...#.>.#...#...#[.....
..#...#...#...#...#...#...#...#..
..#...#...##.#######.##...#...#..
..#...#...#### ####...#...#..
..#...#...# #...#...#..


You could see the friendly Your Mom the knight (fast, reflecting).

Vanquished Creatures
  An ancient lich (Zot:5)
  4 orbs of fire (Zot:5)
  Mennas (Depths:3)
  A juggernaut (Depths:2)
  Sojobo (Vaults:5)
  2 Killer Klowns (Zot:5)
  2 golden dragons
  A bone dragon (Depths:4)
  A doom hound (Depths:4)
  2 electric golems
  6 tentacled monstrosities
  Rupert (D:14)
  6 Orb Guardians
  A deep elf blademaster (Elf:3)
  A titan (Vaults:5)
  A lich (Depths:3)
  A walking divine tome (Depths:2)
  A deep elf master archer (Elf:3)
  4 quicksilver dragons
  2 sphinxes
  A quicksilver dragon (shapeshifter) (Vaults:5)
  A tengu reaver (Vaults:5)
  2 draconian monks
  Agnes (Elf:2)
  6 storm dragons
  2 fire giants
  A draconian knight (Zot:5)
  4 frost giants
  An emperor scorpion (Spider:4)
  An iron dragon (Vaults:5)
  3 deep elf sorcerers (Elf:3)
  9 vault wardens
  2 ghost moths
  5 draconian scorchers
  A spriggan defender (Depths:2)
  3 spectral caustic shrikes (Depths:4)
  2 draconian shifters
  2 draconian stormcallers (Zot:2)
  A quicksilver ooze (shapeshifter) (Elf:3)
  A demonspawn corrupter (D:9)
  A reaper (Depths:1)
  2 deep elf elementalists (Elf:3)
  2 draconian annihilators (Zot:1)
  8 ironbound preservers
  A stone giant (Vaults:5)
  A formless jellyfish (Vaults:3)
  4 deep elf demonologists
  A war gargoyle (Vaults:5)
  7 ironbound thunderhulks
  3 green draconians
  2 black draconians
  A minotaur (Gauntlet)
  7 very ugly things
  A white draconian (Zot:1)
  3 spark wasps
  A bunyip (shapeshifter) (Depths:2)
  4 red draconians
  5 dire elephants
  5 yellow draconians
  6 deep elf annihilators (Elf:3)
  3 ettins (Depths:2)
  5 deep elf death magi
  6 fire dragons
  3 merfolk javelineers
  A green death (Depths:2)
  6 yaktaur captains
  A crystal guardian (Vaults:3)
  5 great orbs of eyes
  6 deep elf high priests
  2 merfolk impalers
  A great orb of eyes (shapeshifter) (Depths:2)
  4 ice dragons
  2 hell beasts (Depths:1)
  2 catoblepae
  5 hydras
  7 vault guards
  A ghost crab (Gauntlet)
  3 ironbound frosthearts
  A jorogumo (Spider:2)
  A demonspawn (Orc:2)
  A rakshasa (Depths:2)
  2 merfolk avatars
  2 spriggan air magi
  A death knight (Vaults:3)
  A peacekeeper (Vaults:3)
  3 boulder beetles
  A two-headed ogre (D:12)
  7 deep troll earth magi
  2 satyrs (Shoals:4)
  5 centaur warriors
  7 death yaks (Lair:5)
  10 dancing weapons
  A tengu warrior (D:15)
  3 deep troll shamans
  2 demonic crawlers
  2 orc high priests (Orc:2)
  4 spriggan berserkers
  9 deep elf knights
  4 hell knights (Depths:3)
  A shock serpent (shapeshifter) (Vaults:2)
  An iron troll (Depths:4)
  3 skysharks
  2 nameless horrors
  2 shadow wraiths
  2 pharaoh ants (Spider:2)
  A sun demon (Depths:2)
  A sun moth (Spider:4)
  2 sea snakes
  2 sixfirhies (Depths:2)
  6 orb spiders
  3 glowing orange brains
  A shadow demon (D:14)
  A flayed ghost (Vaults:5)
  22 deep trolls
  3 lindwurms
  7 wizards
  Pikel (D:5)
  2 phantasmal warriors (Vaults:5)
  2 steelbarb worms
  5 deep elf archers
  20 ironbound convokers
  A lindwurm (shapeshifter) (Depths:2)
  4 harpies
  9 deep elf zephyrmancers
  2 necromancers
  6 orc knights
  2 wolf spider zombies (Spider:3)
  10 wolf spiders
  6 orc sorcerers (Orc:2)
  21 deep elf pyromancers
  4 cyclopes
  21 ugly things
  7 fauns
  11 manticores
  14 moths of wrath
  4 merfolk sirens
  10 elephants
  Maurice (D:12)
  6 black mambas
  14 vault sentinels
  3 rust devils
  A torpor snail (Spider:4)
  2 orange demons
  5 water nymphs
  A gargoyle (D:12)
  7 cane toads
  An efreet (D:15)
  11 yaktaurs
  A freezing wraith (Vaults:5)
  4 komodo dragons
  5 redback zombies (Spider:3)
  A troll (D:12)
  A tormentor (Zot:1)
  A tengu conjurer (Depths:3)
  4 meliai
  A hellwing (Depths:2)
  3 merfolk
  2 polar bears
  A tyrant leech (Gauntlet)
  13 blink frogs
  A wind drake (Shoals:3)
  A hornet (D:5)
  5 tarantellas
  4 tarantella zombies (Spider:3)
  5 culicivora zombies (Spider:3)
  A dream sheep (Lair:5)
  13 slime creatures
  4 snapping turtles
  Sigmund (D:2)
  4 air elementals
  6 culicivoras
  3 wyverns
  A vampire (D:9)
  26 yaks
  10 jumping spiders
  A spriggan (Lair:4)
  A fire bat (shapeshifter) (Elf:2)
  20 water elementals
  2 wraiths
  4 basilisks
  5 fire elementals
  A neqoxec (Depths:3)
  A golden eye (shapeshifter) (D:15)
  2 steam dragons
  4 vampire mosquitoes
  15 redbacks
  Edmund (D:6)
  3 swamp worms (Gauntlet)
  7 wargs
  17 water moccasins
  A floating eye (Depths:4)
  Duvessa (D:5)
  16 orc warriors
  2 sky beasts
  An ice beast (D:6)
  3 boggarts (Vaults:4)
  8 centaurs
  18 wolves
  A black bear (D:4)
  5 ogres
  A lemure (D:5)
  A kobold brigand (D:8)
  9 bullfrogs
  4 earth elementals
  2 gnoll sergeants
  3 water moccasin zombies (Ossuary)
  A wight (D:8)
  Dowan (D:5)
  14 killer bees
  3 electric eels (D:13)
  2 lava snakes (D:15)
  A gnoll bouda (D:7)
  14 orc priests
  Crazy Yiuf (D:5)
  A hound (D:5)
  2 jellies
  3 iguanas (D:6)
  Terence (D:3)
  11 orc wizards
  Natasha (thrice) (D:2)
  2 polar bear simulacra (D:13)
  A yak simulacrum (D:13)
  3 wolf simulacra (D:13)
  A mummy (Ossuary)
  Robin (D:2)
  18 gnolls
  7 adders
  A white imp (Vaults:4)
  An ufetubus (D:5)
  3 adder zombies (Ossuary)
  2 dart slugs
  40 orcs
  6 ball pythons
  6 bats
  4 endoplasms
  5 giant cockroaches
  10 hobgoblins
  8 jackals
  10 kobolds
  5 quokkas
  A frilled lizard (D:1)
  A gnoll zombie (Ossuary)
  16 goblins
  2 hobgoblin zombies (Ossuary)
  2 kobold zombies (Ossuary)
  2 orc zombies (Ossuary)
  4 rats
1062 creatures vanquished.

Vanquished Creatures (collateral kills)
  A dread lich (Vaults:5)
  3 orbs of fire (Zot:5)
  Josephina (Depths:3)
  2 Killer Klowns (Zot:5)
  10 golden dragons
  Arachne (Spider:4)
  2 doom hounds (Depths:4)
  4 tentacled monstrosities
  A walking earthen tome (Depths:2)
  Grunn (Depths:4)
  3 quicksilver dragons
  4 liches
  21 Orb Guardians
  A deep elf blademaster (Elf:3)
  5 titans (Vaults:5)
  4 sphinxes
  2 death cobs
  6 tengu reavers
  4 shadow dragons
  Roxanne (Spider:2)
  3 draconian monks
  5 storm dragons
  7 fire giants
  4 draconian knights
  3 emperor scorpions (Spider:4)
  3 iron dragons
  15 vault wardens
  Aizul (Spider:2)
  4 frost giants
  A ghost moth (Zot:1)
  2 orc warlords
  A draconian scorcher (Zot:4)
  3 draconian annihilators
  3 draconian shifters
  8 very ugly things
  4 broodmothers (Spider:4)
  22 ironbound preservers
  A war gargoyle (Vaults:5)
  A spriggan defender (Depths:2)
  A deep elf demonologist (Elf:3)
  A vampire knight (Depths:4)
  The ghost of Opnastoc the Severer, a journeyman MiBe of Trog (D:14)
  8 stone giants
  6 dire elephants
  5 ironbound thunderhulks
  11 black draconians
  7 green draconians
  5 purple draconians
  7 white draconians
  2 deep elf annihilators (Elf:3)
  A spark wasp (Spider:3)
  6 yellow draconians
  5 red draconians
  2 eidola (Vaults:4)
  5 yaktaur captains
  6 ettins
  2 deep elf death magi (Elf:3)
  3 fire dragons
  4 merfolk impalers
  3 entropy weavers
  4 deep elf high priests
  A jorogumo (Spider:4)
  2 rakshasas (Depths:2)
  3 spriggan air magi
  9 ice dragons
  30 vault guards
  A merfolk avatar (Shoals:4)
  A death knight (Vaults:3)
  3 radroaches
  7 centaur warriors
  4 boulder beetles
  A merfolk aquamancer (Shoals:4)
  3 death yaks (Lair:5)
  6 ironbound frosthearts
  2 satyrs
  A dancing weapon (Elf:2)
  A two-headed ogre (D:11)
  7 deep troll shamans
  Erica (Orc:1)
  3 orc high priests (Orc:2)
  8 deep troll earth magi
  A tengu warrior (D:15)
  2 spriggan berserkers (Depths:3)
  7 demonic crawlers
  A sun demon (Zot:5)
  6 hell knights
  9 iron trolls
  A deep elf knight (Elf:2)
  3 skysharks
  2 sixfirhies
  5 sea snakes
  2 pharaoh ants
  41 deep trolls
  A flayed ghost (Vaults:5)
  A quicksilver dragon simulacrum (Depths:1)
  2 deep trolls (shapeshifter)
  11 slime creatures
  A lindwurm (Vaults:4)
  A wizard (Vaults:3)
  4 phantasmal warriors
  4 orb spiders
  An orange crystal statue (IceCv)
  6 deep elf zephyrmancers
  3 steelbarb worms
  2 necromancers
  10 ironbound convokers
  4 deep elf archers
  16 harpies
  2 orc knights (Vaults:2)
  A deep elf pyromancer (Elf:2)
  3 wolf spider zombies (Spider:3)
  23 ugly things
  2 oklob plants
  A stone giant zombie (Vaults:5)
  17 manticores
  15 fauns
  12 moths of wrath
  A moth of wrath (shapeshifter) (Vaults:5)
  12 wolf spiders
  2 merfolk sirens (Shoals:1)
  8 vault sentinels
  A water nymph (Shoals:4)
  A black mamba (Lair:5)
  6 elephants
  8 storm dragon simulacra (IceCv)
  5 cane toads
  3 torpor snails
  A rime drake (Lair:3)
  An unseen horror (D:12)
  15 yaktaurs
  2 freezing wraiths (Vaults:5)
  2 ice devils (Orc:2)
  6 redback zombies (Spider:3)
  A komodo dragon (D:11)
  2 golden dragon simulacra (IceCv)
  2 trolls
  11 wind drakes
  23 merfolk
  2 hornets
  3 meliai
  2 polar bears
  11 blink frogs
  Grinder (D:6)
  A tarantella (shapeshifter) (Depths:2)
  4 culicivora zombies (Spider:3)
  7 tarantellas
  A fire giant simulacrum (Depths:3)
  3 dream sheep
  3 snapping turtles
  2 tarantella zombies (Spider:3)
  8 water elementals
  17 jumping spiders
  2 shadows
  8 culicivoras
  19 yaks
  A spriggan (Lair:4)
  A wraith (D:9)
  2 elf zombies (Vaults:5)
  A basilisk (Lair:4)
  A steam dragon (D:7)
  22 redbacks
  3 wargs
  A glowing shapeshifter zombie (Vaults:5)
  A swamp worm (Gauntlet)
  6 water moccasins
  2 nameless horrors
  12 orc warriors
  A sky beast (D:8)
  An ice beast (D:8)
  2 ogres (D:6)
  A black bear (Lair:4)
  6 ice dragon simulacra (IceCv)
  A tengu (shapeshifter) (D:15)
  3 wolves
  3 boggarts (Vaults:1)
  A centaur (D:13)
  An elf simulacrum (Vaults:5)
  2 kobold brigands
  4 bullfrogs
  A gnoll sergeant (D:9)
  An earth elemental (Elf:2)
  A glowing shapeshifter simulacrum (Depths:3)
  A scorpion (D:7)
  5 water moccasin zombies (Ossuary)
  7 wights
  4 lindwurm simulacra (IceCv)
  2 killer bees
  3 howler monkeys (D:5)
  4 jellies
  3 orc priests
  A hound (D:5)
  6 orc wizards
  A polar bear simulacrum (D:13)
  A yak simulacrum (D:13)
  A mummy (Ossuary)
  17 gnolls
  A shadow imp (D:7)
  2 adder zombies (Ossuary)
  41 orcs
  4 endoplasms (Lair:5)
  3 gnoll zombies (Ossuary)
  5 jackals (D:5)
  5 kobolds
  A hobgoblin zombie (Ossuary)
  A kobold zombie (Ossuary)
  2 orc zombies (Ossuary)
  3 river rat simulacra (D:13)
  A fire vortex (D:15)
  2 spectral weapons (Zot:5)
996 creatures vanquished.

Vanquished Creatures (others)
  A fire giant (Depths:3)
  2 yaktaur captains
  4 yaktaurs
  A merfolk (Shoals:4)
  A shadow dragon simulacrum (Depths:3)
  An iron dragon simulacrum (Depths:3)
  32 knights
  An orc wizard (D:9)
  3 ancestors
  3 ball lightnings (Depths:2)
49 creatures vanquished.

Grand Total: 2107 creatures vanquished

Notes
Turn   | Place    | Note
-------+----------+-------------------------------------------
     0 | D:1      | Midn8 the Gnoll Ice Elementalist began the quest for the
                  | Orb.
     0 | D:1      | Reached XP level 1. HP: 13/13 MP: 6/6
   176 | D:1      | Reached XP level 2. HP: 19/19 MP: 3/7
   528 | D:1      | Reached skill level 5 in Spellcasting
   528 | D:1      | Reached XP level 3. HP: 25/25 MP: 6/9
  1097 | D:2      | Reached skill level 1 in Invocations
  1189 | D:2      | Reached skill level 1 in Fighting
  1189 | D:2      | Reached skill level 1 in Short Blades
  1189 | D:2      | Reached skill level 1 in Long Blades
  1189 | D:2      | Reached skill level 1 in Axes
  1189 | D:2      | Reached skill level 1 in Maces & Flails
  1189 | D:2      | Reached skill level 1 in Polearms
  1189 | D:2      | Reached skill level 1 in Staves
  1189 | D:2      | Reached skill level 1 in Ranged Weapons
  1189 | D:2      | Reached skill level 1 in Throwing
  1189 | D:2      | Reached skill level 1 in Armour
  1189 | D:2      | Reached skill level 1 in Shields
  1189 | D:2      | Reached skill level 1 in Unarmed Combat
  1189 | D:2      | Reached skill level 1 in Evocations
  1233 | D:2      | Learned a level 3 spell: Frozen Ramparts
  1237 | D:2      | Learned a level 3 spell: Ozocubu's Armour
  1256 | D:2      | Reached XP level 4. HP: 27/32 MP: 3/11
  1462 | D:2      | Reached skill level 1 in Conjurations
  1462 | D:2      | Reached skill level 1 in Hexes
  1462 | D:2      | Reached skill level 1 in Summonings
  1462 | D:2      | Reached skill level 1 in Necromancy
  1462 | D:2      | Reached skill level 1 in Translocations
  1462 | D:2      | Reached skill level 1 in Transmutations
  1462 | D:2      | Reached skill level 1 in Fire Magic
  1462 | D:2      | Reached skill level 1 in Air Magic
  1462 | D:2      | Reached skill level 1 in Earth Magic
  1462 | D:2      | Reached skill level 1 in Poison Magic
  1594 | D:2      | Noticed Natasha
  1602 | D:2      | Killed Natasha
  1702 | D:2      | Noticed Sigmund
  1708 | D:2      | Killed Sigmund
  1709 | D:2      | Reached skill level 5 in Dodging
  1709 | D:2      | Reached skill level 2 in Invocations
  1709 | D:2      | Reached XP level 5. HP: 26/38 MP: 3/12
  1709 | D:2      | Reached XP level 6. HP: 30/44 MP: 3/14
  2069 | D:2      | Noticed Robin
  2089 | D:2      | Killed Robin
  2089 | D:2      | Noticed Natasha
  2104 | D:2      | Killed Natasha
  2582 | D:2      | Noticed Natasha
  2596 | D:2      | Killed Natasha
  2730 | D:3      | Identified a scroll of acquirement
  2730 | D:3      | Acquired the scarf "Xatriluj" {harm, Dex+5}
  2925 | D:3      | Reached XP level 7. HP: 37/51 MP: 7/15
  3009 | D:3      | Found a glowing golden altar of the Shining One.
  3167 | D:3      | Noticed Terence
  3181 | D:3      | Killed Terence
  3631 | D:4      | Reached skill level 5 in Stealth
  3635 | D:4      | Found a sparkling altar of Nemelex Xobeh.
  3683 | D:4      | Found a staircase to the Ecumenical Temple.
  3691 | Temple   | Entered the Ecumenical Temple
  3790 | D:3      | Found a white marble altar of Elyvilon.
  3816 | D:4      | Found a shimmering blue altar of Sif Muna.
  3906 | Temple   | Became a worshipper of Hepliaklqana the Forgotten
  4217 | D:4      | Found a stormy altar of Qazlal.
  4322 | D:4      | Found a sacrificial altar of Ru.
  4668 | D:5      | Entered Level 5 of the Dungeon
  4668 | D:5      | Noticed Duvessa
  4668 | D:5      | Noticed Dowan
  4740 | D:5      | Found an iron altar of Okawaru.
  4788 | D:5      | Killed Duvessa
  4789 | D:5      | Reached skill level 3 in Invocations
  4852 | D:5      | Learned a level 4 spell: Summon Ice Beast
  4860 | D:5      | Found a shimmering altar of Xom.
  4872 | D:5      | Killed Dowan
  5018 | D:5      | Reached XP level 8. HP: 58/58 MP: 7/16
  5134 | D:5      | Reached * piety under Hepliaklqana
  5196 | D:5      | Noticed Pikel
  5223 | D:5      | Killed Pikel
  5224 | D:5      | Reached skill level 4 in Invocations
  5552 | D:5      | Noticed a hornet
  5563 | D:5      | Paralysed by a hornet for 3 turns
  5566 | D:5      | Killed a hornet
  5567 | D:5      | Reached XP level 9. HP: 17/58 MP: 9/18
  6466 | D:5      | Found a runed translucent door.
  6467 | D:5      | Noticed Crazy Yiuf
  6477 | D:5      | Killed Crazy Yiuf
  6731 | D:6      | Noticed Edmund
  6750 | D:6      | Killed Edmund
  6868 | D:6      | Found a hide-covered altar of Uskayaw.
  6868 | D:6      | Found a radiant altar of Vehumet.
  6874 | D:6      | Found an ancient bone altar of Kikubaaqudgha.
  6877 | D:6      | Found a shadowy altar of Dithmenos.
  6878 | D:6      | Found a faded altar of an unknown god.
  7024 | D:6      | Reached skill level 5 in Invocations
  7470 | D:6      | Learned a level 3 spell: Vampiric Draining
  7589 | D:6      | Noticed Grinder
  7604 | D:6      | Killed Grinder
  7605 | D:6      | Reached skill level 5 in Fighting
  7605 | D:6      | Reached skill level 5 in Short Blades
  7605 | D:6      | Reached skill level 5 in Long Blades
  7605 | D:6      | Reached skill level 5 in Axes
  7605 | D:6      | Reached skill level 5 in Maces & Flails
  7605 | D:6      | Reached skill level 5 in Polearms
  7605 | D:6      | Reached skill level 5 in Staves
  7605 | D:6      | Reached skill level 5 in Ranged Weapons
  7605 | D:6      | Reached skill level 5 in Throwing
  7605 | D:6      | Reached skill level 5 in Armour
  7605 | D:6      | Reached skill level 5 in Shields
  7605 | D:6      | Reached skill level 5 in Unarmed Combat
  7605 | D:6      | Reached skill level 5 in Evocations
  7605 | D:6      | Reached XP level 10. HP: 66/66 MP: 11/20
  8040 | D:7      | Found a snail-covered altar of Cheibriados.
  8045 | D:7      | Found an opulent altar of Gozag.
  8072 | D:7      | Reached ** piety under Hepliaklqana
  8073 | D:7      | Remembered your ancestor Your Mom as a knight
  8171 | D:7      | Found a sand-covered staircase.
  8180 | Ossuary  | Entered an ossuary
  8758 | D:7      | You are sucked into a shaft and drop 1 floor!
  8871 | D:7      | Found an ornate altar of the Wu Jian Council.
  9057 | D:8      | Reached skill level 6 in Invocations
  9802 | D:9      | Found a staircase to the Orcish Mines.
  9940 | D:9      | Reached *** piety under Hepliaklqana
 10214 | D:9      | Reached skill level 5 in Conjurations
 10214 | D:9      | Reached skill level 5 in Hexes
 10214 | D:9      | Reached skill level 5 in Summonings
 10214 | D:9      | Reached skill level 5 in Necromancy
 10214 | D:9      | Reached skill level 5 in Translocations
 10214 | D:9      | Reached skill level 5 in Transmutations
 10214 | D:9      | Reached skill level 5 in Fire Magic
 10214 | D:9      | Reached skill level 5 in Air Magic
 10214 | D:9      | Reached skill level 5 in Earth Magic
 10214 | D:9      | Reached skill level 5 in Poison Magic
 10219 | D:9      | Reached XP level 11. HP: 72/72 MP: 16/22
 10504 | D:9      | Found a staircase to the Lair.
 10985 | D:9      | Found the +4 skin of Zhor {*Englaciate rC+++ SInv}
 11330 | D:10     | Entered Level 10 of the Dungeon
 11491 | D:10     | Reached **** piety under Hepliaklqana
 11704 | D:10     | Noticed a green ugly thing
 11720 | D:10     | Killed a green ugly thing
 11721 | D:10     | Reached skill level 7 in Invocations
 12312 | Lair:1   | Entered Level 1 of the Lair of Beasts
 12458 | Lair:1   | Found a shadowy altar of Dithmenos.
 12606 | Lair:1   | Reached XP level 12. HP: 81/81 MP: 18/24
 12711 | Lair:1   | Learned a level 5 spell: Freezing Cloud
 13062 | Lair:1   | Reached skill level 8 in Invocations
 13501 | Lair:2   | Found a staircase to the Shoals.
 14172 | Lair:2   | Found a hole to the Spider Nest.
 14340 | Lair:2   | Reached ***** piety under Hepliaklqana
 15278 | Lair:3   | Learned a level 5 spell: Summon Mana Viper
 15327 | Lair:3   | Reached XP level 13. HP: 88/88 MP: 12/26
 15856 | Lair:3   | Reached skill level 9 in Invocations
 16176 | Lair:4   | Reached skill level 10 in Ice Magic
 16632 | Lair:4   | Acquired a staff of cold
 16757 | Lair:4   | Reached skill level 10 in Spellcasting
 17426 | Lair:5   | Entered Level 5 of the Lair of Beasts
 17666 | Lair:5   | Learned a level 6 spell: Simulacrum
 17748 | Lair:5   | Reached skill level 10 in Dodging
 18045 | Lair:5   | Reached skill level 10 in Stealth
 18205 | Lair:5   | Reached skill level 10 in Invocations
 18205 | Lair:5   | Reached XP level 14. HP: 97/97 MP: 20/28
 18244 | Lair:5   | Found a viscous altar of Jiyva.
 18244 | Lair:5   | Found a staircase to the Slime Pits.
 19361 | Lair:5   | Identified the +4 leather armour of Bimuruap {+Blink Fly
                  | rN+++ Will-}
 19925 | D:11     | Identified the +1 ring mail "Xikluexe" {rPois Str+4}
 20795 | D:12     | Noticed Maurice
 20801 | D:12     | Killed Maurice
 20968 | D:12     | Found a gate leading to a gauntlet.
 20977 | Gauntlet | Entered a Gauntlet
 20977 | Gauntlet | Found a transporter.
 20984 | Gauntlet | Reached ****** piety under Hepliaklqana
 20986 | Gauntlet | Found a transporter.
 20994 | Gauntlet | Noticed a quicksilver ooze
 21004 | Gauntlet | Found a transporter.
 21007 | Gauntlet | Found a transporter.
 21028 | Gauntlet | Found a transporter.
 21041 | Gauntlet | Found a transporter.
 21055 | Gauntlet | Found a transporter.
 21084 | Gauntlet | Found a transporter.
 21084 | Gauntlet | Found a transporter.
 21091 | Gauntlet | Found a transporter.
 21123 | Gauntlet | Found a transporter.
 21123 | Gauntlet | Found a transporter.
 21207 | Gauntlet | Identified the ring of Regawn {rF++ rC- Will+ Dex+5}
 21318 | Gauntlet | Identified the staff "Keecver" {rElec rN+ MP+9 Str+2 Conj}
 21423 | Gauntlet | Identified the +11 orcbow of Fag Neex {heavy, rF+ Dex+6}
 21457 | Gauntlet | Reached skill level 10 in Fighting
 21457 | Gauntlet | Reached skill level 10 in Short Blades
 21457 | Gauntlet | Reached skill level 10 in Long Blades
 21457 | Gauntlet | Reached skill level 10 in Axes
 21457 | Gauntlet | Reached skill level 10 in Maces & Flails
 21457 | Gauntlet | Reached skill level 10 in Polearms
 21457 | Gauntlet | Reached skill level 10 in Staves
 21457 | Gauntlet | Reached skill level 10 in Ranged Weapons
 21457 | Gauntlet | Reached skill level 10 in Throwing
 21457 | Gauntlet | Reached skill level 10 in Armour
 21457 | Gauntlet | Reached skill level 10 in Shields
 21457 | Gauntlet | Reached skill level 10 in Unarmed Combat
 21457 | Gauntlet | Reached skill level 10 in Evocations
 21594 | Gauntlet | Identified the ring of Amelioration {rC+ Will+ EV+5 Dex+3
                  | Stlth-}
 22388 | D:13     | Reached XP level 15. HP: 103/103 MP: 24/30
 22809 | D:13     | Reached skill level 11 in Invocations
 23389 | D:14     | Found a gate to the Vaults.
 24024 | D:14     | Found a runed translucent gate.
 24024 | D:14     | Found a runed translucent gate.
 24024 | D:14     | Found a runed translucent gate.
 24025 | D:14     | Noticed Opnastoc's ghost (journeyman MiBe)
 24150 | D:14     | Noticed Rupert
 24160 | D:14     | Killed Rupert
 24302 | D:14     | Killed Opnastoc's ghost
 24453 | D:15     | Entered Level 15 of the Dungeon
 25640 | Orc:1    | Entered Level 1 of the Orcish Mines
 25640 | Orc:1    | Noticed an orc warlord
 25655 | Orc:1    | Killed an orc warlord
 25904 | Orc:2    | Entered Level 2 of the Orcish Mines
 25904 | Orc:2    | Found a staircase to the Elven Halls.
 26242 | Orc:1    | Found a shimmering blue altar of Sif Muna.
 26442 | Orc:2    | Found Kaerys Ucoo's Distillery.
 26448 | Orc:2    | Found Unlorhui's General Store.
 26541 | Orc:2    | Bought a potion of curing for 36 gold pieces
 26541 | Orc:2    | Bought a potion of haste for 120 gold pieces
 26541 | Orc:2    | Bought a potion of heal wounds for 60 gold pieces
 26541 | Orc:2    | Bought a potion of heal wounds for 60 gold pieces
 26543 | Orc:2    | Bought a scroll of teleportation for 45 gold pieces
 26543 | Orc:2    | Bought a potion of heal wounds for 75 gold pieces
 26543 | Orc:2    | Bought an orb of energy for 240 gold pieces
 27015 | Orc:2    | Reached XP level 16. HP: 105/111 MP: 30/32
 27037 | Orc:2    | Found Tausog Etatt's Antique Armour Emporium.
 27037 | Orc:2    | Found a one-way gate leading to the halls of Pandemonium.
 27037 | Orc:2    | Found Maupaf's Jewellery Shoppe.
 27981 | Orc:1    | Noticed Erica
 27991 | Orc:1    | Killed Erica
 28297 | Spider:1 | Entered Level 1 of the Spider Nest
 28372 | Spider:1 | Reached skill level 12 in Invocations
 28709 | Spider:1 | You fall into a shaft and drop 1 floor!
 28718 | Spider:2 | Identified Roxanne's Papyrus of Cleavage
 28718 | Spider:2 | Noticed Roxanne
 28861 | Spider:2 | Found a frozen archway.
 28871 | IceCv    | Entered an ice cave
 29264 | IceCv    | Noticed a golden dragon
 29293 | IceCv    | Killed a golden dragon
 29385 | IceCv    | Identified the amulet of Xotid {rPois Regen+ Stlth+}
 29775 | Spider:2 | Killed Roxanne
 29934 | Spider:2 | Noticed Aizul
 29944 | Spider:2 | Killed Aizul
 31967 | Spider:3 | Reached XP level 17. HP: 119/119 MP: 15/33
 32295 | Spider:3 | Reached skill level 10 in Conjurations
 32295 | Spider:3 | Reached skill level 10 in Hexes
 32295 | Spider:3 | Reached skill level 10 in Summonings
 32295 | Spider:3 | Reached skill level 10 in Necromancy
 32295 | Spider:3 | Reached skill level 10 in Translocations
 32295 | Spider:3 | Reached skill level 10 in Transmutations
 32295 | Spider:3 | Reached skill level 10 in Fire Magic
 32295 | Spider:3 | Reached skill level 10 in Air Magic
 32295 | Spider:3 | Reached skill level 10 in Earth Magic
 32295 | Spider:3 | Reached skill level 10 in Poison Magic
 32718 | Spider:4 | Entered Level 4 of the Spider Nest
 32837 | Spider:4 | Noticed Arachne
 32852 | Spider:4 | Killed Arachne
 32853 | Spider:4 | Reached skill level 13 in Invocations
 33096 | Spider:4 | Learned a level 7 spell: Ozocubu's Refrigeration
 33871 | Spider:4 | Got a gossamer rune of Zot
 33907 | Spider:4 | Learned a level 6 spell: Leda's Unmaking
 34376 | Shoals:1 | Entered Level 1 of the Shoals
 34632 | Shoals:1 | Found Niofepp's Vocational Training.
 34681 | Shoals:1 | Reached XP level 18. HP: 120/126 MP: 15/35
 35007 | Shoals:1 | Found a transporter.
 35011 | Shoals:1 | Noticed Lance11888's ghost (adept HuHW)
 35091 | Shoals:1 | Found a transporter.
 36380 | Shoals:3 | Upgraded the game from 0.31-a0-180-g519b7de00c to
                  | 0.31-a0-182-gc5ef74bbde
 36996 | Shoals:3 | Reached skill level 14 in Invocations
 37224 | Shoals:4 | Entered Level 4 of the Shoals
 37374 | Shoals:4 | Identified the ring "Gowutsag" {+Blink rC+ Int+6}
 37391 | Shoals:4 | Found the +10 Black Knight's barding {ponderous, rPois rN+}
 37431 | Shoals:4 | Identified the ring of Liamadd {Will+ MP+9 Str+4}
 37663 | Shoals:4 | Got a barnacled rune of Zot
 37975 | Shoals:4 | Identified the staff "Dragonbane" {rC+ Conj}
 38011 | Shoals:4 | Reached XP level 19. HP: 124/134 MP: 32/37
 38078 | Shoals:4 | Identified the staff of the Healing Gods {rC+ rN+ Str+2
                  | SInv Conj}
 38459 | Vaults:1 | Entered Level 1 of the Vaults
 40541 | Vaults:2 | Identified the +7 spear "Ickas" {speed, rPois rF+}
 40690 | Vaults:2 | Identified the +2 leather armour "Vuores" {Str+3 Slay+2}
 40697 | Vaults:2 | Reached skill level 15 in Invocations
 40976 | Vaults:2 | Reached XP level 20. HP: 142/142 MP: 32/38
 42217 | Vaults:2 | Reached skill level 15 in Spellcasting
 42788 | Vaults:3 | Learned a level 1 spell: Apportation
 42922 | Vaults:3 | Found a staircase to the Crypt.
 43012 | Vaults:3 | Reached skill level 15 in Dodging
 43874 | Vaults:3 | Reached skill level 15 in Stealth
 44581 | Vaults:4 | Identified the +0 leather armour "Zamnadyogou" {+Inv}
 44998 | Vaults:4 | Reached XP level 21. HP: 140/149 MP: 18/40
 45087 | Vaults:4 | Learned a level 7 spell: Dragon Form
 45362 | Vaults:4 | Found Ravenk's Distillery.
 45386 | Vaults:4 | Bought a potion of curing for 60 gold pieces
 45386 | Vaults:4 | Bought a potion of curing for 60 gold pieces
 45386 | Vaults:4 | Bought a potion of curing for 60 gold pieces
 45848 | Vaults:4 | Reached skill level 16 in Invocations
 46487 | Elf:1    | Entered Level 1 of the Elven Halls
 48396 | Elf:2    | Reached skill level 15 in Fighting
 48396 | Elf:2    | Reached skill level 15 in Short Blades
 48396 | Elf:2    | Reached skill level 15 in Long Blades
 48396 | Elf:2    | Reached skill level 15 in Axes
 48396 | Elf:2    | Reached skill level 15 in Maces & Flails
 48396 | Elf:2    | Reached skill level 15 in Polearms
 48396 | Elf:2    | Reached skill level 15 in Staves
 48396 | Elf:2    | Reached skill level 15 in Ranged Weapons
 48396 | Elf:2    | Reached skill level 15 in Throwing
 48396 | Elf:2    | Reached skill level 15 in Armour
 48396 | Elf:2    | Reached skill level 15 in Shields
 48396 | Elf:2    | Reached skill level 15 in Unarmed Combat
 48396 | Elf:2    | Reached skill level 15 in Evocations
 48430 | Elf:2    | Noticed Agnes
 48440 | Elf:2    | Killed Agnes
 49004 | Elf:2    | Found a runed translucent gate.
 49005 | Elf:2    | Found a runed translucent gate.
 49005 | Elf:2    | Found a runed translucent gate.
 49170 | Elf:3    | Entered Level 3 of the Elven Halls
 49293 | Elf:3    | Found Pychiuf's Assorted Antiques.
 49301 | Elf:3    | Bought a potion of resistance for 320 gold pieces
 49301 | Elf:3    | Bought a potion of heal wounds for 160 gold pieces
 49301 | Elf:3    | Bought a crude cloak for 304 gold pieces
 49301 | Elf:3    | Identified the +1 cloak "Luwungim" {Harm +Inv rC-} (You
                  | bought it in a shop on level 3 of the Elven Halls)
 49301 | Elf:3    | Bought a scroll of revelation for 240 gold pieces
 49442 | Elf:3    | Found a shimmering blue altar of Sif Muna.
 50918 | Elf:3    | Identified the ring of Uxtukhlo {rN+ Str+7 Int-2 Slay+4
                  | Stlth+}
 51035 | Elf:3    | Identified the +10 plate armour "Irouz" {rF++ rC+ rN+
                  | Dex+2}
 51578 | Elf:3    | Reached XP level 22. HP: 157/157 MP: 34/42
 51648 | Elf:3    | Identified the amulet of Xom's Best Wishes {Spirit Fragile
                  | rC+ Str+3 Dex+4}
 51654 | Elf:3    | Identified the ring "Duruine" {rC+ Will+ Str+3 Dex+3}
 51657 | Elf:3    | Identified the +6 great sword of Suosief {venom, rF+ rC++
                  | Str-5}
 51843 | Elf:3    | Identified the +3 scale mail "Ytyafy" {+Inv rN+}
 52020 | Elf:3    | Got the Atlas of the Assistive Missiles
 52068 | Elf:3    | Identified the staff of the Sheltering Blowfly {rPois Int+5
                  | Stlth+ Poison}
 52660 | D:15     | Found a staircase to the Depths.
 52840 | Depths:1 | Entered Level 1 of the Depths
 53006 | Depths:1 | Found Sufolef's Weapon Boutique.
 53285 | Depths:1 | Reached skill level 17 in Invocations
 53593 | Depths:1 | Found a shimmering altar of Xom.
 53986 | Depths:1 | Found a transporter.
 53992 | Depths:1 | Found a transporter.
 53993 | Depths:1 | Found a transporter.
 54009 | Depths:1 | Found a transporter.
 54041 | Depths:1 | Found a gateway to Hell.
 54870 | Orc:2    | Bought a pair of embroidered gloves for 262 gold pieces
 55173 | Depths:2 | Found a broken altar of Ashenzari.
 55469 | Depths:2 | Acquired the Spellbook of Summoning and Space
 55479 | Depths:2 | Learned a level 7 spell: Spellforged Servitor
 55798 | Depths:2 | Reached skill level 15 in Ice Magic
 56040 | Depths:2 | Identified the +1 robe of Sif Muna {rElec Str+5 SInv}
 56240 | Depths:2 | Noticed a juggernaut
 56250 | Depths:2 | Killed a juggernaut
 56611 | Depths:2 | Found a blossoming altar of Fedhas.
 57273 | Depths:3 | Reached XP level 23. HP: 158/164 MP: 33/43
 57323 | Depths:3 | Noticed Mennas
 57570 | Depths:3 | Reached skill level 18 in Invocations
 57585 | Depths:3 | Noticed a golden dragon
 57602 | Depths:3 | Killed a golden dragon
 57607 | Depths:3 | Killed Mennas
 57735 | Depths:3 | Identified the ring of Ritiwk {Ice Dex+2}
 57735 | Depths:3 | Noticed Josephina
 57924 | Depths:3 | Found a one-way gateway to a ziggurat.
 58286 | Depths:3 | Found a one-way gate to the infinite horrors of the Abyss.
 58486 | Depths:3 | Killed Josephina
 59026 | Depths:3 | Found a bloodstained altar of Trog.
 59418 | Depths:4 | Entered Level 4 of the Depths
 59629 | Depths:4 | Found a shadowy altar of Dithmenos.
 60014 | Depths:4 | Noticed a golden dragon
 60020 | Depths:4 | Killed a golden dragon
 60549 | Depths:4 | Found Afoipeme's Jewellery Boutique.
 60550 | Depths:4 | Found Irrir's Book Emporium.
 60551 | Depths:4 | Found Nuycva's Jewellery Boutique.
 60939 | Depths:4 | Noticed a golden dragon
 60941 | Depths:4 | Reached skill level 19 in Invocations
 61252 | Depths:4 | Found a gate to the Realm of Zot.
 61260 | Depths:4 | Killed a golden dragon
 61261 | Depths:4 | Reached skill level 15 in Poison Magic
 61507 | Depths:4 | Noticed Grunn
 61523 | Depths:4 | Killed Grunn
 62074 | Vaults:5 | Entered Level 5 of the Vaults
 62074 | Vaults:5 | Noticed Sojobo
 62078 | Vaults:5 | Noticed a dread lich
 62140 | Vaults:5 | Killed a dread lich
 62141 | Vaults:5 | Reached XP level 24. HP: 99/165 MP: 1/44
 62389 | Vaults:5 | Identified the +7 halberd of Wusazug {freeze, rF+ Will+
                  | SInv}
 62443 | Vaults:5 | Identified the +4 short sword of Ruvefe {holy, rElec Str+3
                  | Dex+4}
 62648 | Vaults:5 | Got the Octavo of Amassed Violence
 62765 | Vaults:5 | Identified the staff of Wu Jian's Esteem {*Corrode rElec
                  | rN+ Dex+2 Necro}
 62798 | Vaults:5 | Identified the +1 hand axe "Ega Cakk" {freeze, Dex+5}
 62838 | Vaults:5 | Reached skill level 20 in Invocations
 62888 | Vaults:5 | Killed Sojobo
 62929 | Vaults:5 | Identified the +2 mace "Naehimaw" {drain, Dex+3}
 62931 | Vaults:5 | Identified the +3 orcbow "Ymurrez" {freeze, Dex+2}
 63312 | Vaults:5 | Learned a level 8 spell: Maxwell's Capacitive Coupling
 64172 | Vaults:5 | Identified the +1 scale mail "Oxadwuq" {rElec Int+8}
 64180 | Vaults:5 | Identified the staff "Zuxun" {rPois rC+ Ice}
 64298 | Vaults:5 | Identified the staff of Desperation {Fragile rPois rF+
                  | rCorr Fire Poison}
 64487 | Vaults:5 | Got a silver rune of Zot
 64963 | Zot:1    | Entered Level 1 of the Realm of Zot
 65092 | Zot:1    | Reached XP level 25. HP: 176/180 MP: 25/44
 66390 | Zot:1    | Found Umebasec's CLEARANCE SALE!.
 66396 | Zot:1    | Reached skill level 21 in Invocations
 66512 | Zot:1    | Bought a wand of paralysis (4) for 48 gold pieces
 66885 | Zot:2    | Reached skill level 15 in Conjurations
 66885 | Zot:2    | Reached skill level 15 in Hexes
 66885 | Zot:2    | Reached skill level 15 in Summonings
 66885 | Zot:2    | Reached skill level 15 in Necromancy
 66885 | Zot:2    | Reached skill level 15 in Translocations
 66885 | Zot:2    | Reached skill level 15 in Transmutations
 66885 | Zot:2    | Reached skill level 15 in Fire Magic
 66885 | Zot:2    | Reached skill level 15 in Air Magic
 66885 | Zot:2    | Reached skill level 15 in Earth Magic
 67561 | Zot:5    | Entered Level 5 of the Realm of Zot
 68400 | Zot:5    | Noticed a Killer Klown
 68422 | Zot:5    | Killed a Killer Klown
 68566 | Zot:5    | Noticed a Killer Klown
 68568 | Zot:5    | Noticed an ancient lich
 68569 | Zot:5    | Noticed an orb of fire
 68580 | Zot:5    | Killed an ancient lich
 68590 | Zot:5    | Killed an orb of fire
 68591 | Zot:5    | Reached XP level 26. HP: 174/189 MP: 5/45
 68618 | Zot:5    | Killed a Killer Klown
 68737 | Zot:5    | Noticed an orb of fire
 68744 | Zot:5    | Killed an orb of fire
 68781 | Zot:5    | Noticed an orb of fire
 68787 | Zot:5    | Noticed a Killer Klown
 68790 | Zot:5    | Killed an orb of fire
 68798 | Zot:5    | Killed a Killer Klown
 69140 | Zot:5    | Reached skill level 22 in Invocations
 69228 | Zot:5    | Noticed an orb of fire
 69236 | Zot:5    | Killed an orb of fire
 69311 | Zot:5    | Noticed an orb of fire
 69325 | Zot:5    | Gained mutation: You occasionally shout uncontrollably at
                  | your foes. [an orb of fire]
 69327 | Zot:5    | Gained mutation: You are clumsy. (Dex -2) [an orb of fire]
 69329 | Zot:5    | Killed an orb of fire
 69388 | Zot:5    | Noticed an orb of fire
 69399 | Zot:5    | Killed an orb of fire
 69604 | Zot:5    | Noticed a Killer Klown
 69614 | Zot:5    | Killed a Killer Klown
 69861 | Zot:5    | Got the Orb of Zot
 69903 | Zot:5    | Noticed an orb of fire
 69904 | Zot:5    | Gained mutation: You are weak. (Str -2) [an orb of fire]
 69907 | Zot:5    | Gained mutation: Your body sometimes deteriorates upon
                  | taking damage. [an orb of fire]
 69913 | Zot:5    | Killed an orb of fire
 69931 | Zot:5    | Lost mutation: You occasionally shout uncontrollably at
                  | your foes. [potion of mutation]
 69931 | Zot:5    | Lost mutation: You are weak. (Str -2) [potion of mutation]
 69931 | Zot:5    | Gained mutation: Armour fits poorly on your strangely
                  | shaped body. [potion of mutation]
 70147 | Zot:1    | Identified the +5 tower shield of Muttered Phrases {Dex+3}
 70162 | Depths:4 | Noticed Umaf the pandemonium lord
 70187 | Depths:3 | Noticed Ymawn the pandemonium lord
 70191 | Depths:2 | Noticed Kasiw the pandemonium lord
 70644 | D:$      | Escaped with the Orb!

Illustrated notes

Levels and vault maps discovered:
D:1:      dpeg_arrival_water_fire, layout_loops_ring
D:2:      layout_loops_corners, serial_bayou, serial_bayou_pond_d,
          serial_bayou_lagoon_a, serial_bayou_ford_a, serial_bayou_shore_b,
          uniq_robin, uniq_natasha, uniq_sigmund
D:3:      layout_loops_ring, tso_metal_star, nicolae_overflow_hidden_temple,
          minivault_11, uniq_terence
D:4:      layout_loops_corners, nicolae_qazlal_eye_of_the_storm,
          nicolae_ru_the_path_less_chosen, mainiacjoe_overflow_alcove_1,
          mainiacjoe_overflow_surrounded_room,
          minmay_temple_entry_drinking_statues
D:5:      lemuel_castle_with_subvaults [lemuel_castle_interior_original],
          layout_rooms, kennysheep_little_box, okawaru_metal_pillars_1_2,
          uniq_crazy_yiuf_cottage, uniq_duvessa, uniq_pikel
D:6:      layout_basic, chequers_temple_overflow_minitemple,
          kennysheep_flooded_box, uniq_edmund, uniq_grinder
D:7:      layout_cave_pools, mainiacjoe_overflow_big_doors, lemuel_doored_altar,
          nicolae_ossuary_entry_ruins
D:8:      layout_cave_pools
D:9:      layout_basic, lair_entry_dummy, minmay_orc_entry_guard_dogs,
          hellmonk_guarded_unrand_zhor
D:10:     layout_loops_ring
D:11:     layout_loops_corners, minivault_22
D:12:     layout_long_grid, gauntlet_entry_generic, small_statue_alley_a,
          uniq_maurice
D:13:     layout_basic, serial_bayou, serial_bayou_pond_a, serial_bayou_pond_b,
          serial_bayou_pond_c, serial_bayou_lagoon_b, eino_house_with_fridge
D:14:     layout_loops_ring, skrybe_vaults_entry_preservation,
          ebering_ghost_rock_garden, serial_park_paths
          [serial_park_minivault_5x5_5], uniq_rupert
D:15:     gammafunk_enter_depths_forms, layout_basic, chequers_mini_garden,
          minmay_checkerbox
Temple:   hellmonk_temple_of_storms
Lair:1:   layout_chaotic_city, basic_altar, serial_bayou_crossing,
          grunt_megastairs_4, serial_bayou_shore_a
Lair:2:   layout_small_grid, shoals_dummy_entry, spider_nest_entry_web_field
Lair:3:   layout_regular_city
Lair:4:   layout_roguey, forest_entry_grove
Lair:5:   hangedman_lair_in_review, layout_regular_city,
          nicolae_slime_entry_slimehenge
Shoals:1: layout_shoals, gammafunk_ghost_berserking_beasts,
          nicolae_shop_vocational
Shoals:2: layout_shoals
Shoals:3: cheibrodos_shoals_roost, layout_shoals, nicolae_shoals_circle_sea_wall
Shoals:4: shoals_end_grunt_garden, layout_shoals
Spider:1: layout_spider_delve
Spider:2: layout_cave_pods, portal_ice_cave_entry_pillars_1, uniq_aizul,
          uniq_roxanne
Spider:3: lemuel_spider_zombies
Spider:4: hellmonk_spider_rune_endless_swarm, uniq_arachne
Orc:1:    layout_caves, basic_altar, kennysheep_orc_sif_temple, uniq_erica
Orc:2:    pf_orc_diabolical, layout_caves, nicolae_orc_damp_corner
Elf:1:    elf_arrival_001, layout_loops_cross, kennysheep_underground_church
Elf:2:    nicolae_elf_blades_crystal_corner, layout_loops_cross, drop_trap,
          kb_rosetta, uniq_agnes
Elf:3:    minmay_elf_hall_not_hex, layout_onion_city, basic_altar, serial_shops,
          nicolae_shop_overgrown_old_shop
Vaults:1: hangedman_vaults_maws, vaults_room_stairs_pillars, v_misc_5,
          nicolae_vaults_heist, v_rooms_5, vaults_room_semicircle,
          hangedman_vaults_impose, ontoclasm_vaults_gateway, grunt_vaults_swirl,
          nicolae_vaults_little_squares_2, ontoclasm_vaults_hangar,
          nicolae_vaults_lightning_bolt, nicolae_vaults_house_3,
          nicolae_vaults_prndl, layout_vaults_omnicross
Vaults:2: nicolae_vaults_storage_closets_1, ontoclasm_vaults_idyll,
          nicolae_vaults_surprise_closet, st_octagons_1,
          nicolae_vaults_frosty_reception, v_misc_22, grunt_vaults_diagonal,
          vaults_room_pools, v_alt_pattern_2, vaults_room_pools,
          nicolae_vaults_double_plus_1, dpeg_vaults_monster_row,
          nicolae_vaults_sightless_eye, layout_vaults_big_room
Vaults:3: nicolae_vaults_network_square, blue_anna_dwarven_crypt,
          nicolae_vaults_bisected_exclaves, vaults_standard_mumra_lines,
          nicolae_vaults_closet_pinwheel_4, nicolae_vaults_alarming,
          hangedman_vaults_nails, vaults_room_pool, layout_vaults_omnigrid
Vaults:4: v_alt_pattern_6, nicolae_vaults_storage_closets_2,
          nicolae_vaults_stand_back, nicolae_vaults_more_shelving_1,
          vaults_room_pools, nicolae_vaults_storage_room_water,
          nicolae_vaults_little_ls, nicolae_vaults_double_plus_3,
          nicolae_vaults_doubleplus_tesselated,
          nicolae_vaults_closet_pinwheel_6, nicolae_vaults_ring_of_whatevers,
          serial_ice_g, v_misc_10, layout_vaults_maze_bifur, serial_shops, shop
Vaults:5: uniq_sojobo
Depths:1: layout_gridlike, pan_entry, xom_teletrap_fun, grunt_mini_vestibule,
          serial_shops, shop, chequers_serial_rivers_micro_b, st_stairs_5,
          grunt_ministairs_12, minmay_misc_feat_secret_circle,
          nicolae_transporter_circle
Depths:2: minmay_the_grid_octo_tiled_octocenter [minmay_the_grid_octo_pinwheel,
          minmay_the_grid_octo_tetromino_candy,
          minmay_the_grid_octo_thin_diamonds,
          minmay_the_grid_octo_vomiting_pacman,
          minmay_the_grid_octo_prize_big_c, minmay_the_grid_square_5x5_moneybag,
          minmay_the_grid_square_5x5_three_small,
          minmay_the_grid_square_5x5_minivault,
          minmay_the_grid_square_5x5_inner_i], layout_cave_shapes,
          chequers_jeans, hell_entry, grunt_pan_entry_in_and_out,
          cheibrodos_ashenzari_chains
Depths:3: kennysheep_big_flooded_room, layout_cave_pools, enter_ziggurat_c,
          abyss_entry, hell_entry, serial_rivers,
          chequers_serial_rivers_micro_a, chequers_serial_rivers_micro_e,
          chequers_serial_rivers_marsh, chequers_serial_rivers_room_b,
          rand_demon_pan_entry_4, evilmike_spriggan_trog_shrine, uniq_josephina,
          uniq_mennas
Depths:4: grunt_zot_entry_funnels, layout_gridlike, pf_hell_entry_tar_river,
          serial_glass, glass_columns_c, glass_columns_c,
          nicolae_dithmenos_shadow_blocks, minmay_shop_grove, uniq_grunn
Zot:1:    grunt_twist_and_shout, layout_concentric_octagons,
          nicolae_shop_clearance
Zot:2:    layout_twisted_circle, st_single_dragon_hoard_1
Zot:3:    layout_misc_corridors, grunt_ministairs_1
Zot:4:    minmay_elemental_castle, layout_gridlike
Zot:5:    layout_twisted_circle

Skill      XL: |  1  2  3  4  5  6  7  8  9 10 11 12 13 14 15 16 17 18 19 20 21 22 23 24 25 26 |
---------------+-------------------------------------------------------------------------------+-----
Spellcasting   | 5 6 7 8 9 10 11 12 13 14 15 16 17 18 | 18.9
Invocations    | 1 2 3 4 5 6 7 8 10 11 12 13 14 15 16 17 19 20 21 22 | 22.5
Fighting       | 1 2 3 4 5 6 7 8 9 10 11 12 13 14 15 16 17 18 | 18.4
Short Blades   | 1 2 3 4 5 6 7 8 9 10 11 12 13 14 15 16 17 18 | 18.4
Long Blades    | 1 2 3 4 5 6 7 8 9 10 11 12 13 14 15 16 17 18 | 18.4
Axes           | 1 2 3 4 5 6 7 8 9 10 11 12 13 14 15 16 17 18 | 18.4
Maces & Flails | 1 2 3 4 5 6 7 8 9 10 11 12 13 14 15 16 17 18 | 18.4
Polearms       | 1 2 3 4 5 6 7 8 9 10 11 12 13 14 15 16 17 18 | 18.4
Staves         | 1 2 3 4 5 6 7 8 9 10 11 12 13 14 15 16 17 18 | 18.4
Ranged Weapons | 1 2 3 4 5 6 7 8 9 10 11 12 13 14 15 16 17 18 20 | 20.8
Throwing       | 1 2 3 4 5 6 7 8 9 10 11 12 13 14 15 16 17 18 | 18.4
Armour         | 1 2 3 4 5 6 7 8 9 10 11 12 13 14 15 16 17 18 | 18.4
Shields        | 1 2 3 4 5 6 7 8 9 10 11 12 13 14 15 16 17 18 | 18.4
Unarmed Combat | 1 2 3 4 5 6 7 8 9 10 11 12 13 14 15 16 17 18 | 18.4
Evocations     | 1 2 3 4 5 6 7 8 9 10 11 12 13 14 15 16 17 18 | 18.4
Conjurations   | 1 2 3 4 5 6 7 8 9 10 11 12 13 14 15 | 15.6
Hexes          | 1 2 3 4 5 6 7 8 9 10 11 12 13 14 15 | 15.6
Summonings     | 1 2 3 4 5 6 7 8 9 10 11 12 13 14 15 | 15.6
Necromancy     | 1 2 3 4 5 6 7 8 9 10 11 12 13 14 15 | 15.6
Translocations | 1 2 3 4 5 6 7 8 9 10 11 12 13 14 15 | 15.6
Transmutations | 1 2 3 4 5 6 7 8 9 10 11 12 13 14 15 | 15.6
Fire Magic     | 1 2 3 4 5 6 7 8 9 10 11 12 13 14 15 | 15.6
Air Magic      | 1 2 3 4 5 6 7 8 9 10 11 12 13 14 15 | 15.6
Earth Magic    | 1 2 3 4 5 6 7 8 9 10 11 12 13 14 15 | 15.6
Poison Magic   | 1 2 3 4 5 6 7 8 9 10 11 12 13 14 15 16 17 | 17.8
Dodging        | 5 6 7 8 9 10 11 12 13 14 15 16 17 18 | 18.8
Stealth        | 5 6 7 8 9 10 11 12 13 14 15 16 17 18 | 18.8
Ice Magic      | 8 9 10 11 12 13 14 15 16 17 | 17.0

Action                     |  1- 3 |  4- 6 |  7- 9 | 10-12 | 13-15 | 16-18 | 19-21 | 22-24 | 25-27 || total
---------------------------+-------+-------+-------+-------+-------+-------+-------+-------+-------++-------
  Melee: Unarmed           |     1 |       |       |       |       |       |    25 |     8 |    37 ||    71
         Staff             |     5 |    34 |   119 |   117 |   260 |   298 |   130 |   171 |    97 ||  1231
         Bite              |       |     2 |    18 |    18 |    46 |    66 |    49 |    54 |    28 ||   281
         Punch             |       |       |     3 |     5 |    16 |       |     3 |     5 |     5 ||    37
         Flail             |       |       |       |       |       |    12 |       |       |       ||    12
         Demon trident     |       |       |       |       |       |    11 |   140 |    85 |    19 ||   255
         Tailslap          |       |       |       |       |       |       |     4 |     3 |     7 ||    14
         Bo                |       |       |       |       |       |       |       |    14 |       ||    14
   Fire: Orcbow            |       |       |       |       |    42 |       |       |       |       ||    42
  Throw: Boomerang         |       |       |       |       |       |     7 |     5 |    19 |    23 ||    54
         Dart              |       |       |       |       |       |       |       |     1 |     5 ||     6
         Javelin           |       |       |       |       |       |       |       |     1 |       ||     1
   Cast: Freeze            |    48 |    18 |    27 |    34 |     3 |       |       |       |       ||   130
         Frozen Ramparts   |     1 |    17 |    41 |    60 |    24 |     6 |       |       |       ||   149
         Ozocubu's Armour  |     1 |     4 |    10 |    37 |    20 |     5 |     3 |     2 |     7 ||    89
         Summon Ice Beast  |       |       |    16 |    25 |    39 |    30 |     1 |       |       ||   111
         Freezing Cloud    |       |       |       |    20 |   103 |   125 |    76 |    69 |    27 ||   420
         Summon Mana Viper |       |       |       |     1 |    23 |    45 |     1 |     8 |     1 ||    79
         Vampiric Draining |       |       |       |     1 |       |       |       |       |       ||     1
         Simulacrum        |       |       |       |       |    13 |   139 |    91 |   117 |    57 ||   417
         Leda's Unmaking   |       |       |       |       |       |     6 |    72 |    83 |    98 ||   259
         Ozocubu's Refrige |       |       |       |       |       |       |   133 |   121 |    21 ||   275
         Apportation       |       |       |       |       |       |       |     4 |       |     1 ||     5
         Dragon Form       |       |       |       |       |       |       |     5 |     5 |     5 ||    15
         Spellforged Servi |       |       |       |       |       |       |       |    19 |    11 ||    30
         Maxwell's Capacit |       |       |       |       |       |       |       |     1 |       ||     1
 Invoke: Ancestor Identity |       |       |     1 |       |       |       |       |       |       ||     1
         Recall Ancestor   |       |       |       |     1 |       |     1 |     3 |     7 |     7 ||    19
         Ancestor Life: Kn |       |       |       |     1 |       |       |       |       |       ||     1
         Idealise          |       |       |       |       |       |     5 |     4 |    11 |     4 ||    24
         Transference      |       |       |       |       |       |     1 |       |     3 |       ||     4
Ability: Breathe Fire      |       |       |       |       |       |       |     4 |     2 |     5 ||    11
         Evoke Blink       |       |       |       |       |       |       |     2 |       |     2 ||     4
         End Transformatio |       |       |       |       |       |       |     1 |     4 |     1 ||     6
  Evoke: Wand              |       |       |       |       |     7 |     4 |     1 |       |     5 ||    17
         Lightning rod     |       |       |       |       |       |       |     1 |       |       ||     1
    Use: Scroll            |       |     2 |    11 |    12 |    10 |     6 |     5 |    10 |     8 ||    64
         Potion            |       |       |       |       |       |       |     1 |     7 |     6 ||    14
   Stab: Sleeping          |     1 |     2 |     2 |     2 |     2 |     2 |     4 |       |       ||    15
         Distracted        |       |       |     1 |     2 |     7 |     8 |     7 |    10 |     8 ||    43
         Confused          |       |       |       |       |       |       |     4 |       |       ||     4
         Invisible         |       |       |       |       |       |       |       |     1 |     2 ||     3
 Armour: Leather armour    |     4 |     2 |       |       |       |       |       |       |       ||     6
         Robe              |       |     6 |    28 |    40 |       |       |       |       |       ||    74
         Animal skin       |       |       |       |    34 |    67 |   121 |    71 |    78 |    60 ||   431
         Skin              |       |       |       |       |       |       |     8 |     2 |    13 ||    23
  Dodge: Dodged            |    28 |    31 |    99 |   143 |   214 |   421 |   258 |   277 |   224 ||  1695
  Block: Buckler           |       |       |       |       |    31 |       |     4 |       |       ||    35

Table legend: (Time is in decaauts)
 A = Elapsed time spent in this place.
 B = Non-inter-level travel time spent in this place.
 C = Inter-level travel time spent in this place.
 D = Time resting spent in this place.
 E = Time spent auto-exploring this place.
 F = Levels seen in this place.
 G = Mean time per level.
                   A        B        C        D        E       F      G
               +--------+--------+--------+--------+--------+-----+--------+
         Total |  70523 |  65356 |   5167 |  25787 |  23430 |  51 | 1382.8 |
       Dungeon |  18820 |  16300 |   2520 |   4550 |   8105 |  15 | 1254.7 |
        Temple |     92 |     86 |      6 |      0 |     28 |   1 |   92.0 |
          Lair |   7454 |   7055 |    399 |   2935 |   3039 |   5 | 1490.8 |
        Shoals |   4130 |   3979 |    151 |   1331 |   1608 |   4 | 1032.5 |
   Spider Nest |   5143 |   4766 |    377 |   1582 |   1479 |   4 | 1285.8 |
  Orcish Mines |   2848 |   2510 |    338 |    949 |   1019 |   2 | 1424.0 |
   Elven Halls |   5764 |   5477 |    287 |   2822 |   1790 |   3 | 1921.3 |
        Vaults |  10568 |  10018 |    550 |   4089 |   3331 |   5 | 2113.6 |
        Depths |   8804 |   8331 |    473 |   3840 |   2753 |   4 | 2201.0 |
           Zot |   5077 |   5013 |     64 |   3030 |     53 |   5 | 1015.4 |
       Ossuary |    359 |    359 |      0 |    141 |      4 |   1 |  359.0 |
      Ice Cave |    826 |    826 |      0 |    255 |     55 |   1 |  826.0 |
      Gauntlet |    633 |    633 |      0 |    262 |    163 |   1 |  633.0 |
               +--------+--------+--------+--------+--------+-----+--------+

Top non-repeatable levels by time:
   Elf:3: 3152 daAuts
Depths:2: 2334 daAuts
Depths:3: 2279 daAuts
Vaults:5: 2256 daAuts
Depths:4: 2208 daAuts
   Zot:5: 2204 daAuts
Vaults:4: 2172 daAuts
Vaults:1: 2133 daAuts
Vaults:2: 2084 daAuts
Depths:1: 1982 daAuts
   Orc:2: 1982 daAuts
  Lair:5: 1965 daAuts
Vaults:3: 1921 daAuts
     D:9: 1864 daAuts
     D:5: 1818 daAuts
